 Dungeon Crawl Stone Soup version 0.30-a0-626-gd6a5dd7a1f (webtiles) character file.

Game seed: 7753704541475248780

49 bmack86 the Covered (level 3, -1/31 HPs)
             Began as a Minotaur Fighter on Jan 11, 2023.
             Slain by a gnoll
             ... wielding a +2 heavy spear
              (10 damage)
             ... on level 2 of the Dungeon.
             The game lasted 00:04:07 (905 turns).

bmack86 the Covered (Minotaur Fighter)               Turns: 905, Time: 00:04:07

Health: -1/31      AC:  9    Str: 22    XL:     3   Next: 53%
Magic:  2/2        EV:  7    Int:  5    God:
Gold:   46         SH:  4    Dex:  9    Spells: 2/2 levels left

rFire   . . .      SeeInvis .    a - +0 war axe
rCold   . . .      Faith    .    c - +0 buckler
rNeg    . . .      Spirit   .    l - +0 chain mail
rPois   .          Reflect  .    (helmet restricted)
rElec   .          Harm     .    (no cloak)
rCorr   .          Rampage  .    (no gloves)
Will    .....                    (no boots) Stlth
                                 (no amulet)
HPRegen 0.25/turn                h - ring of flight
MPRegen 0.08/turn                (no ring)

@: mighty, flying
A: horns 2, retaliatory headbutt
a: no special abilities


You were on level 2 of the Dungeon.
You visited 1 branch of the dungeon, and saw 2 of its levels.

You collected 46 gold pieces.

Inventory:

Hand Weapons
 a - a +0 war axe (weapon)
Missiles
 e - 6 poisoned darts (quivered)
Armour
 b - a +0 scale mail
 c - a +0 buckler (worn)
 l - a +0 chain mail (worn)
Jewellery
 h - a ring of flight (left hand)
 i - an amulet of faith
Scrolls
 f - a scroll of noise {unknown}
 j - a scroll of amnesia {unknown}
 k - a scroll of identify {unknown}
 m - a scroll of immolation {unknown}
Potions
 g - a potion of flight {unknown}


   Skills:
 - Level 3.6 Fighting
 - Level 2.4 Axes
 + Level 1.5 Throwing
 + Level 4.4 Armour
 + Level 4.4 Shields


You had 2 spell levels left.
You didn't know any spells.
Your spell library contained the following spells:

 Spells                   Type           Power      Damage    Failure   Level
 Magic Dart               Conj           0%         1d3       99%         1
 Call Imp                 Summ           0%         N/A       100%        2
 Mephitic Cloud           Conj/Pois/Air  0%         N/A       100%        3
 Stone Arrow              Conj/Erth      0%         3d7       100%        3
 Animate Armour           Summ/Erth      0%         N/A       100%        4
 Lehudib's Crystal Spear  Conj/Erth      0%         10d2      100%        8


Dungeon Overview and Level Annotations

Branches:
Dungeon (2/15)

Altars:


Innate Abilities, Weirdness & Mutations

You have a pair of horns on your head.
You reflexively headbutt those who attack you in melee.


Message History

A giant cockroach comes into view.
The gnoll moves out of view.
A hobgoblin and a gnoll come into view.
The hobgoblin shouts!
An adder comes into view.
You barely miss the bat. The bat hits you but does no damage. The bat hits you.
A gnoll comes into view. It is wielding a +0 whip.
The bat attacks as you move away! The bat hits you but does no damage. x2
The adder barely misses you. The bat hits you but does no damage.
You block the bat's attack.
You barely miss the adder. Your headbutt misses the adder.
The adder closely misses you. The adder bites you but does no damage.
The gnoll hits you from afar with a +2 heavy spear.
You hit the adder.
The adder is moderately wounded.
The adder bites you but does no damage. The adder barely misses you.
You furiously retaliate!
You headbutt the adder.
The gnoll hits you from afar with a +2 heavy spear!
You slash the adder!
You kill the adder!
The bat hits you but does no damage.
You feel very mighty all of a sudden. The bat closely misses you.
The bat barely misses you.
The gnoll hits you from afar with a +2 heavy spear.
You completely miss the bat. The bat hits you but does no damage. x2
The gnoll hits you but does no damage. The bat hits you but does no damage.
You hit the bat. Your headbutt misses the bat.
The bat is severely wounded.
The bat completely misses you. The bat hits you but does no damage.
The gnoll misses you. The bat hits you but does no damage.
You barely miss the bat. Your headbutt misses the bat.
The bat is severely wounded.
You hit the gnoll. The bat barely misses you. You furiously retaliate!
You headbutt the bat!
You kill the bat!
The gnoll hits you with a +0 club.
* * * LOW HITPOINT WARNING * * *
The gnoll hits you from afar with a +2 heavy spear!
You die...

..###............... ....
#...........#..#......# ....#
.............>##.....# ......
.#...###=...####.....## ...gg.
#...$#.................
......#.....#.#.......#.......
.....>. #...#..<#..###......
...#...####g##g.......#####...
........ggSB.@.........# ###.
##..##.?.g####........... #.
.......## ###########.. #<
.)#...... #.# #. #..##..# ..
#.. 8..8 #.. ..... ##...>...#


You could see 4 gnolls, an adder, a giant cockroach and a hobgoblin.

Vanquished Creatures
  2 adders (D:2)
  5 endoplasms
  2 giant cockroaches (D:1)
  2 hobgoblins (D:1)
  A kobold (D:2)
  3 quokkas (D:1)
  2 ball pythons
  7 bats
  2 frilled lizards (D:1)
  8 rats
34 creatures vanquished.

Notes
Turn   | Place    | Note
-------+----------+-------------------------------------------
     0 | D:1      | bmack86 the Minotaur Fighter began the quest for the Orb.
     0 | D:1      | Reached XP level 1. HP: 19/19 MP: 0/0
   263 | D:1      | Reached XP level 2. HP: 26/26 MP: 1/1
   650 | D:1      | Reached skill level 1 in Throwing
   824 | D:2      | Reached XP level 3. HP: 29/31 MP: 2/2
   905 | D:2      | Slain by a gnoll

Illustrated notes

Levels and vault maps discovered:
D:1:      nzn_arrival_settlement, layout_basic, minmay_misc_feat_x,
          minmay_distorted
D:2:      layout_rooms, st_stairs_6

Skill      XL: |  1  2 |
---------------+-------+-----
Armour         | 4 |  4.4
Shields        | 4 |  4.4
Throwing       | 1 |  1.5
Fighting       | |  3.6
Axes           | |  2.4

Action                   || total
-------------------------++-------
Melee: War axe           ||    85
       Headbutt          ||     2
Throw: Dart              ||     3
  Use: Potion            ||     1
Armor: Scale mail        ||    40
       Chain mail        ||    25
Dodge: Dodged            ||    44
Block: Buckler           ||    24

Table legend: (Time is in decaauts)
 A = Elapsed time spent in this place.
 B = Non-inter-level travel time spent in this place.
 C = Inter-level travel time spent in this place.
 D = Time resting spent in this place.
 E = Time spent auto-exploring this place.
 F = Levels seen in this place.
 G = Mean time per level.
                   A        B        C        D        E       F      G
               +--------+--------+--------+--------+--------+-----+--------+
         Total |    940 |    909 |     31 |      0 |    434 |   2 |  470.0 |
       Dungeon |    940 |    909 |     31 |      0 |    434 |   2 |  470.0 |
               +--------+--------+--------+--------+--------+-----+--------+

Top non-repeatable levels by time:
     D:1: 738 daAuts
     D:2: 201 daAuts
